AoeStats
← Zhurano

Black Forest

510416153Analyzed
2v2 RM · 2d ago on Sep 30, 2026· 50m 57s· 4 players
Game mode
Random Map
Map size
Medium (4 player)
Population
200
Speed
Normal
Resources
Standard
Victory
Conquest
Starting age
Dark Age
Ending age
Imperial Age
RankedLock teamsTeams togetherTeam positionsShared explorationLock speedFull tech treeHidden civsTurbo modeCheats
Victory
Defeat
🇲🇽 Burmese · Mexico
840
+13
🇷🇺 Inca · Russia
827
+13
🇧🇷 Celts · Brazil
776
-13
🇧🇷 Magyars · Brazil
768
-32
sssrwmi
0:26 Loom
12:44 Feudal Age
13:10 Double-Bit Axe
15:11 Horse Collar
19:36 Stone Mining
19:41 Gold Mining
22:41 Castle Age
21:52 Fletching
22:06 Padded Archer Armor
22:06 Scale Mail Armor
22:18 Forging
25:10 Bow Saw
25:51 Wheelbarrow
26:02 Gold Shaft Mining
26:11 Stone Shaft Mining
34:22 Heavy Plow
34:44 Hand Cart
34:15 Town Watch
37:14 Imperial Age
35:22 Ballistics
35:44 Gold Shaft Mining
36:55 Fortified Wall
36:53 Andean Sling
37:34 Caravan
38:47 Fabric Shields
38:08 Elite Kamayuk
39:09 Conscription
40:29 Ballistics
41:44 Gold Shaft Mining
42:35 Crop Rotation
42:24 Leather Archer Armor
44:00 Thumb Ring
43:59 Squires
43:20 Champi Runner
43:20 Pikeman
43:46 Arson
45:10 Chain Mail Armor
45:31 Iron Casting
46:12 Chemistry
45:54 Capped Ram
46:29 Champi Warrior
46:46 Siege Ram
49:31 Blast Furnace
49:02 Plate Mail Armor
48:28 Bodkin Arrow
49:03 Ring Archer Armor
48:16 Elite Champi Warrior
MerolX7
11:33 Feudal Age
9:49 Loom
16:14 Castle Age
15:58 Horse Collar
19:31 Heavy Plow
25:24 Wheelbarrow
24:34 Town Watch
25:42 Gold Mining
25:44 Stone Mining
26:26 Fervor
26:42 Forging
26:37 Scale Barding Armor
26:23 Fletching
26:33 Padded Archer Armor
26:46 Padded Archer Armor
27:30 Hand Cart
28:27 Fishing Lines
29:00 Manipur Cavalry
29:27 Gillnets
30:39 Gold Shaft Mining
31:30 Masonry
31:16 Murder Holes
31:32 Fortified Wall
31:02 Treadmill Crane
31:43 Ballistics
32:52 Iron Casting
32:37 Chain Barding Armor
32:12 Bodkin Arrow
32:52 Town Patrol
32:58 Caravan
33:31 Coinage
33:11 Light Cavalry
34:04 Bloodlines
33:54 Husbandry
37:03 Imperial Age
38:38 Crop Rotation
39:16 Blast Furnace
38:52 Plate Barding Armor
38:17 Bracer
38:50 Banking
38:31 Guilds
38:21 Elite Battle Elephant
38:34 Hussar
40:50 Chemistry
40:21 Architecture
39:57 Siege Engineers
40:21 Conscription
39:46 Elite Arambai
40:39 Howdah
Zhurano
5:44 Loom
11:26 Feudal Age
11:59 Double-Bit Axe
15:53 Horse Collar
18:06 Gold Mining
20:14 Stone Mining
24:14 Castle Age
25:31 Bloodlines
25:28 Scale Barding Armor
25:24 Padded Archer Armor
25:15 Fletching
25:57 Bow Saw
30:40 Bodkin Arrow
31:15 Heavy Plow
32:22 Town Watch
33:18 Leather Archer Armor
35:05 Treadmill Crane
35:44 Caravan
36:41 Gold Shaft Mining
37:20 Wheelbarrow
40:20 Imperial Age
38:53 Husbandry
39:54 Chain Barding Armor
39:43 Thumb Ring
40:01 Ballistics
39:52 Murder Holes
41:24 Cavalier
42:31 Parthian Tactics
42:46 Plate Barding Armor
42:52 Town Patrol
43:08 Hand Cart
43:41 Crop Rotation
44:15 Two-Man Saw
43:45 Conscription
42:56 Pikeman
44:24 Paladin
46:49 Hoardings
46:59 Heavy Cavalry Archer
47:51 Halberdier
51:46 Hoardings
51:15 Recurve Bow
BlackLotus101
0:56 Loom
12:49 Feudal Age
22:43 Castle Age
20:47 Stone Mining
21:27 Double-Bit Axe
24:17 Horse Collar
26:34 Heavy Plow
33:49 Gold Mining
35:28 Wheelbarrow
34:41 Pikeman
35:07 Gambesons
40:03 Imperial Age
39:26 Fortified Wall
41:24 Hand Cart
41:46 Conscription
43:30 Bow Saw
43:34 Forging
43:24 Scale Mail Armor
43:58 Siege Engineers
48:40 Iron Casting
48:21 Chain Mail Armor
Connection lost

Rejoining the realm…

Still unreachable

The connection could not be restored.

Session expired

The server has moved on; the page needs a fresh start.